 Dungeon Crawl Stone Soup version 0.16-b1 (webtiles) character file.

123 Fluffy the Charmwright (level 4, -8/30 HPs)
             Began as a High Elf Skald on Mar 14, 2015.
             Killed from afar by Terence (13 damage)
             ... with a wand of flame
             ... on level 2 of the Dungeon.
             The game lasted 00:05:40 (1968 turns).

Fluffy the Charmwright (High Elf Skald)             Turns: 1968, Time: 00:05:40

Health: -8/30      AC:  3    Str: 11    XL:     4   Next: 79%
Magic:  9/12       EV: 12    Int: 16    God:
Gold:   82         SH:  0    Dex: 15    Spells: 3 memorised, 4 levels left

rFire  x . .     SeeInvis .     a - +0 falchion
rCold  + . .     Clarity  .     b - +0 leather armour
rNeg   . . .     SustAb   .     (no shield)
rPois  +         Gourm    .     (no helmet)
rElec  .         Spirit   .     (no cloak)
rCorr  .         Warding  .     (no gloves)
rMut   .         Stasis   .     (no boots)
MR     .....                    (no amulet)
Stlth  +.........               p - ring of ice
                                k - ring of poison resistance

@: shrouded, infused, not resistant to hostile enchantments, very unstealthy
A: no striking features
a: no special abilities


You were on level 2 of the Dungeon.
You were near starving.

You visited 1 branch of the dungeon, and saw 2 of its levels.

You collected 82 gold pieces.

Inventory:

Hand weapons
 a - a +0 falchion (weapon)
Missiles
 f - 5 tomahawks of returning (quivered)
Armour
 b - a +0 leather armour (worn)
Jewellery
 k - a ring of poison resistance (left hand)
 p - a ring of ice (right hand)
Magical devices
 m - a wand of slowing (0)
Potions
 h - a potion of might
 l - a potion of restore abilities
 t - 2 potions of magic
Books
 c - a book of Battle

   Spells                             Type                      Level
   a - Infusion                       Charms                       1
   b - Shroud of Golubria             Charms/Translocation         2
   c - Song of Slaying                Charms                       2
   d - Spectral Weapon                Hexes/Charms                 3
   e - Regeneration                   Charms/Necromancy            3
Comestibles
 d - 4 bread rations
 j - a royal jelly
 n - a meat ration
 o - a slice of pizza
 s - 3 fruits


   Skills:
 + Level 2.6 Fighting
 + Level 3.5 Long Blades
 - Level 0.8 Armour
 + Level 2.2 Dodging
 + Level 3.3 Spellcasting
 + Level 4.5 Charms


You had 4 spell levels left.
You knew the following spells:

 Your Spells              Type           Power        Failure   Level  Hunger
a - Infusion              Chrm           ###...       4%          1    None
b - Song of Slaying       Chrm           ###.....     8%          2    ##.....
c - Shroud of Golubria    Chrm/Tloc      #.........   14%         2    ##.....


Dungeon Overview and Level Annotations

Branches:
Dungeon (2/15)

Altars:

Annotations:
D:2 Terence


Message History

Casting: Shroud of Golubria
Confirm with . or Enter, or press ? or * to list all spells.
You begin infusing your attacks with magical energy.
Terence barely misses you.
You barely miss Terence.
Terence zaps a wand.
The puff of flame misses you.
You hit Terence.
Terence is moderately wounded.
Terence hits you but does no damage.
You hit Terence but do no damage.
Terence is moderately wounded.
Terence zaps a wand.
The puff of flame hits you! The fire burns you terribly!
You hit Terence but do no damage.
Terence is moderately wounded.
Terence zaps a wand.
The puff of flame hits you! The fire burns you terribly!
Ouch! That really hurt!
* * * LOW HITPOINT WARNING * * *
You hit Terence.
Terence is moderately wounded.
Terence zaps a wand.
The puff of flame hits you! The fire burns you terribly!
You die...

### #........# ..
#..#####.# #. #..#
#.# ####.##..# #.#
..........# #?#
######.#...### #.#
.............# #.#
..#####.....## #.#
..#.........####@###
.................@.#
.....####..........#
.............###.###
########...... #.# #
#..... #.# ......@
#.# #########....
#.# ........#....
#.#


You could see Terence.

Vanquished Creatures
  Sigmund (D:2)
  Ijyb (D:2)
  An ooze (D:2)
  A ball python (D:2)
  3 bats
  2 giant cockroaches
  5 goblins
  6 hobgoblins (D:1)
  4 kobolds
  A giant gecko (D:2)
  3 giant newts (D:1)
  5 rats
33 creatures vanquished.

Notes
Turn   | Place    | Note
--------------------------------------------------------------
     0 | D:1      | Fluffy, the High Elf Skald, began the quest for the Orb.
     0 | D:1      | Reached XP level 1. HP: 14/14 MP: 4/4
   351 | D:1      | Reached XP level 2. HP: 19/19 MP: 3/6
   361 | D:1      | Learned a level 2 spell: Song of Slaying
   364 | D:1      | Learned a level 2 spell: Shroud of Golubria
   588 | D:1      | Reached skill level 4 in Charms
   892 | D:2      | Reached XP level 3. HP: 16/24 MP: 1/8
  1203 | D:2      | Noticed Ijyb
  1224 | D:2      | Killed Ijyb
  1469 | D:2      | Noticed Sigmund
  1488 | D:2      | Killed Sigmund
  1488 | D:2      | Reached XP level 4. HP: 2/30 MP: 0/12
  1942 | D:2      | Noticed Terence
  1968 | D:2      | Killed from afar by Terence

Action                   |  1- 3 |  4- 6 || total
-------------------------+-------+-------++-------
Melee: Falchion          |   110 |     5 ||   115
 Cast: Infusion          |    13 |     1 ||    14
       Shroud of Golubri |     4 |     1 ||     5
       Song of Slaying   |     2 |       ||     2
  Use: Scroll            |       |     7 ||     7
  Eat: Chunk             |     2 |       ||     2
